 Dungeon Crawl Stone Soup version 0.28.0-53-g5a82cb258f (webtiles) character file.

Game seed: 4441968049582823976

422 DocClef the Shield-Bearer (level 6, -1/53 HPs)
             Began as a Gnoll Fighter on June 29, 2022.
             Slain by a kobold brigand
             ... wielding a +0 short sword
              (7 damage)
             ... in a sewer.
             The game lasted 00:02:42 (3055 turns).

DocClef the Shield-Bearer (Gnoll Fighter)           Turns: 3055, Time: 00:02:42

Health: -1/53      AC:  7    Str: 17    XL:     6   Next: 95%
Magic:  9/9        EV:  9    Int:  8    God:
Gold:   116        SH:  5    Dex: 11    Spells: 9/9 levels left

rFire   . . .      SeeInvis .   i - +2 short sword (venom)
rCold   . . .      Faith    .   c - +0 buckler
rNeg    . . .      Spirit   .   b - +0 scale mail
rPois   .          Reflect  .   (no helmet)
rElec   .          Harm     .   (no cloak)
rCorr   .          Rampage  .   (no gloves)
Will    .....                   (no boots)
Stlth   ..........              (no amulet)
HPRegen 0.17/turn               (no ring)
MPRegen 0.11/turn               (no ring)

@: no status effects
A: fangs 1, strong nose, distributed training
a: no special abilities


You were in a sewer.
You visited 1 branch of the dungeon, and saw 4 of its levels.
You also visited: Sewer.

You collected 116 gold pieces.

Inventory:

Hand Weapons
 a - a +1 flail
 i - a +2 short sword of venom (weapon)
Armour
 b - a +0 scale mail (worn)
 c - a +0 buckler (worn)
Jewellery
 o - a ring of wizardry
Scrolls
 h - a scroll of identify
 m - 2 scrolls of teleportation {unknown}
Potions
 d - a potion of might
 e - a potion of mutation
 f - a potion of lignification {unknown}
 g - a potion of haste {unknown}
 j - a potion of cancellation {unknown}
 k - a potion of magic {unknown}
 l - a potion of curing {unknown}
 n - a potion of attraction {unknown}


   Skills:
 + Level 6.9 Fighting
 + Level 2.1 Short Blades
 + Level 2.1 Long Blades
 + Level 2.1 Axes
 + Level 5.1 Maces & Flails
 + Level 2.1 Polearms
 + Level 2.1 Staves
 + Level 2.1 Slings
 + Level 2.1 Bows
 + Level 2.1 Crossbows
 + Level 2.1 Throwing
 + Level 6.9 Armour
 + Level 2.1 Dodging
 + Level 2.1 Stealth
 + Level 6.9 Shields
 + Level 2.1 Unarmed Combat
 + Level 2.1 Spellcasting
 + Level 1.7 Conjurations
 + Level 1.7 Hexes
 + Level 1.7 Summonings
 + Level 1.7 Necromancy
 + Level 1.7 Translocations
 + Level 1.7 Transmutations
 + Level 1.7 Fire Magic
 + Level 1.7 Ice Magic
 + Level 1.7 Air Magic
 + Level 1.7 Earth Magic
 + Level 1.7 Poison Magic
 + Level 2.4 Invocations
 + Level 2.1 Evocations


You had 9 spell levels left.
You didn't know any spells.
Your spell library was empty.

Dungeon Overview and Level Annotations

Branches:
Dungeon (4/15)             Temple (0/1) D:4           Sewer (1/1)

Altars:
Makhleb
The Shining One


Innate Abilities, Weirdness & Mutations

You have very sharp teeth.
Your uncanny sense of smell can sniff out nearby items.
Your experience applies equally to all skills.


Message History

You are too injured to fight recklessly!
Unknown command.
You hit the kobold brigand.
The kobold brigand is poisoned.
The kobold brigand is moderately wounded.
The kobold brigand closely misses you. You block the kobold brigand's attack.
The kobold hits you with a +0 whip.
You hit the kobold brigand but do no damage.
The kobold brigand looks as sick as possible!
The kobold brigand is moderately wounded.
You block the kobold brigand's attack. The kobold brigand closely misses you.
The kobold hits you but does no damage.
You puncture the kobold brigand!
The kobold brigand is poisoned.
The kobold brigand is moderately wounded.
The kobold brigand hits you with a +0 short sword.
* * * LOW HITPOINT WARNING * * *
The kobold brigand hits you but does no damage.
You block the kobold's attack.
You hit the kobold brigand.
The kobold brigand looks as sick as possible!
The kobold brigand is heavily wounded.
The kobold brigand barely misses you.
The kobold brigand hits you with a +0 whip.
* * * LOW HITPOINT WARNING * * *
The kobold misses you.
You hit the kobold brigand.
The kobold brigand looks as sick as possible!
The kobold brigand is severely wounded.
The kobold brigand barely misses you.
The kobold brigand hits you with a +0 whip.
* * * LOW HITPOINT WARNING * * *
You block the kobold's attack.
You closely miss the kobold brigand.
The kobold brigand is heavily wounded.
The kobold brigand barely misses you.
The kobold brigand hits you but does no damage.
You block the kobold's attack.
You miss the kobold brigand.
The kobold brigand is heavily wounded.
The kobold brigand hits you with a +0 short sword!
You die...

#...##≈≈≈≈≈.....#
#..##≈≈≈≈≈≈.....#
##..##≈≈≈≈≈≈......
#....#≈≈≈≈≈≈≈.....
##.....≈≈≈≈≈≈≈.....
#......≈≈≈≈≈≈≈≈...#
#...≈≈≈≈≈≈≈≈≈≈....#
#...≈≈≈≈≈≈≈≈≈≈≈...#
#K@K.≈≈≈≈≈≈≈≈≈...##
##K###≈≈≈≈≈≈###'###


.KK ≈≈≈≈≈≈#..)).# ..... ≈≈≈≈≈#.....# ##...## ≈≈ ##...## !.... #.....# .!#).
#..#..# ### ### ####### ≈≈≈≈≈≈≈ You could see 2 kobold brigands and 3 kobolds.

Vanquished Creatures
  Sigmund (D:4)
  A kobold brigand (Sewer)
  6 adders
  8 river rats (Sewer)
  A dart slug (D:4)
  An orc (D:3)
  8 ball pythons
  7 endoplasms
  4 giant cockroaches
  A goblin (D:1)
  4 hobgoblins
  2 jackals (D:1)
  2 quokkas
  A frilled lizard (Sewer)
  13 kobolds
  12 rats
72 creatures vanquished.

Notes
Turn   | Place    | Note
-------+----------+-------------------------------------------
     0 | D:1      | DocClef the Gnoll Fighter began the quest for the Orb.
     0 | D:1      | Reached XP level 1. HP: 23/23 MP: 1/1
   289 | D:1      | Reached XP level 2. HP: 29/29 MP: 2/2
   710 | D:2      | Reached XP level 3. HP: 31/35 MP: 3/3
   782 | D:2      | Reached skill level 1 in Invocations
   935 | D:2      | Found a glowing golden altar of the Shining One.
  1403 | D:3      | Reached skill level 1 in Short Blades
  1403 | D:3      | Reached skill level 1 in Long Blades
  1403 | D:3      | Reached skill level 1 in Axes
  1403 | D:3      | Reached skill level 1 in Polearms
  1403 | D:3      | Reached skill level 1 in Staves
  1403 | D:3      | Reached skill level 1 in Slings
  1403 | D:3      | Reached skill level 1 in Bows
  1403 | D:3      | Reached skill level 1 in Crossbows
  1403 | D:3      | Reached skill level 1 in Throwing
  1403 | D:3      | Reached skill level 1 in Dodging
  1403 | D:3      | Reached skill level 1 in Stealth
  1403 | D:3      | Reached skill level 1 in Unarmed Combat
  1403 | D:3      | Reached skill level 1 in Spellcasting
  1403 | D:3      | Reached skill level 1 in Evocations
  1623 | D:3      | Found a burning altar of Makhleb.
  1671 | D:3      | Reached XP level 4. HP: 41/41 MP: 5/5
  2255 | D:4      | Found a glowing drain.
  2266 | D:4      | Noticed Sigmund
  2279 | D:4      | Killed Sigmund
  2280 | D:4      | Reached skill level 1 in Conjurations
  2280 | D:4      | Reached skill level 1 in Hexes
  2280 | D:4      | Reached skill level 1 in Summonings
  2280 | D:4      | Reached skill level 1 in Necromancy
  2280 | D:4      | Reached skill level 1 in Translocations
  2280 | D:4      | Reached skill level 1 in Transmutations
  2280 | D:4      | Reached skill level 1 in Fire Magic
  2280 | D:4      | Reached skill level 1 in Ice Magic
  2280 | D:4      | Reached skill level 1 in Air Magic
  2280 | D:4      | Reached skill level 1 in Earth Magic
  2280 | D:4      | Reached skill level 1 in Poison Magic
  2280 | D:4      | Reached XP level 5. HP: 26/47 MP: 5/7
  2280 | D:4      | Reached XP level 6. HP: 30/53 MP: 5/8
  2309 | Sewer    | Entered a sewer
  2670 | Sewer    | Reached skill level 5 in Maces & Flails
  3055 | Sewer    | Slain by a kobold brigand

Illustrated notes

Levels and vault maps discovered:
D:1:      minmay_arrival_wavy_path, layout_rooms, grunt_decor_cap
D:2:      layout_basic, basic_altar, minmay_misc_feat_secret_circle,
          serial_park_tiny_2, minmay_misc_feat_pillars
D:3:      layout_loops_ring, bloody_makhleb
D:4:      layout_cave_pools, mainiacjoe_overflow_big_doors,
          nicolae_dithmenos_shadow_blocks, minmay_temple_entry_waves,
          gup_sewer_entry_glass, uniq_sigmund
Sewer:    sewer_minmay_treatment

Skill      XL: |  1  2  3  4  5  6 |
---------------+-------------------+-----
Invocations    | 1 2 |  2.4
Short Blades   | 1 2 |  2.1
Long Blades    | 1 2 |  2.1
Axes           | 1 2 |  2.1
Polearms       | 1 2 |  2.1
Staves         | 1 2 |  2.1
Slings         | 1 2 |  2.1
Bows           | 1 2 |  2.1
Crossbows      | 1 2 |  2.1
Throwing       | 1 2 |  2.1
Dodging        | 1 2 |  2.1
Stealth        | 1 2 |  2.1
Unarmed Combat | 1 2 |  2.1
Spellcasting   | 1 2 |  2.1
Evocations     | 1 2 |  2.1
Conjurations   | 1 |  1.7
Hexes          | 1 |  1.7
Summonings     | 1 |  1.7
Necromancy     | 1 |  1.7
Translocations | 1 |  1.7
Transmutations | 1 |  1.7
Fire Magic     | 1 |  1.7
Ice Magic      | 1 |  1.7
Air Magic      | 1 |  1.7
Earth Magic    | 1 |  1.7
Poison Magic   | 1 |  1.7
Maces & Flails | 5 |  5.1
Fighting       | |  6.9
Armour         | |  6.9
Shields        | |  6.9

Action                   |  1- 3 |  4- 6 || total
-------------------------+-------+-------++-------
Melee: Flail             |    91 |    74 ||   165
       Bite              |     4 |    14 ||    18
       Short sword       |       |    93 ||    93
  Use: Scroll            |       |     4 ||     4
Armor: Scale mail        |    25 |    82 ||   107
Dodge: Dodged            |    62 |    68 ||   130
Block: Buckler           |    27 |    57 ||    84
